 Dungeon Crawl Stone Soup version 0.21.0-3-g78d12a8 (webtiles) character file.

4158 Inkary the Carver (level 10, -4/91 HPs)
             Began as a Minotaur Berserker on Jan 12, 2018.
             Was an Elder of Trog.
             Shot with a sling bullet by something (10 damage)
             ... on level 8 of the Dungeon.
             The game lasted 00:11:57 (6059 turns).

Inkary the Carver (Minotaur Berserker)              Turns: 6059, Time: 00:11:59

Health: -4/91      AC: 11    Str: 23    XL:     10   Next: 7%
Magic:  9/9        EV: 14    Int:  4    God:    Trog [****..]
Gold:   305        SH:  0    Dex: 12    Spells: 9/9 levels left

rFire    . . .     SeeInvis .   K - +0 scimitar (flame)
rCold    . . .     Gourm    +   (no shield)
rNeg     . . .     Faith    .   l - +0 ring mail
rPois    .         Spirit   .   (helmet restricted)
rElec    .         Reflect  .   r - +0 cloak
rCorr    .         Harm     .   C - +0 pair of gloves (curse)
MR       ++...                  p - +0 pair of boots
Stlth    ..........             n - amulet of the gourmand
HPRegen  1.25/turn              f - ring of loudness (curse)
MPRegen  0.11/turn              h - +2 ring of slaying

@: berserk cooldown, regenerating, slowed, very slow
A: retaliatory headbutt, horns 2
a: Berserk, Trog's Hand, Brothers in Arms, Burn Spellbooks, Renounce Religion


You were on level 8 of the Dungeon.
You worshipped Trog.
Trog was greatly pleased with you.
You were full.

You visited 1 branch of the dungeon, and saw 8 of its levels.

You collected 415 gold pieces.
You spent 110 gold pieces at shops.

Inventory:

Hand Weapons
 K - a +0 scimitar of flaming (weapon)
Armour
 l - a +0 ring mail (worn)
 p - a +0 pair of boots (worn)
 r - a +0 cloak (worn)
 C - a cursed +0 pair of gloves (worn)
Jewellery
 a - the ring of Decopt {Str+6 Dex+6, unknown}
   (You found it on level 8 of the Dungeon)

   [ring of dexterity]

   It affects your strength (+6).
   It affects your dexterity (+6).
 f - a cursed ring of loudness (left hand)
 h - a +2 ring of slaying (right hand)
 n - an amulet of the gourmand (around neck)
 t - an uncursed ring of fire {unknown}
 u - an uncursed amulet of harm {unknown}
 B - an uncursed amulet of harm {unknown}
 F - an uncursed ring of stealth {unknown}
 I - a +3 ring of evasion {unknown}
 M - a cursed ring of teleportation {unknown}
Wands
 N - a wand of random effects (22)
 P - a wand of clouds (6)
Scrolls
 d - 9 scrolls of teleportation {unknown}
 j - a scroll of random uselessness {unknown}
 k - 2 scrolls of blinking {unknown}
 m - 2 scrolls of remove curse {unknown}
 o - 5 scrolls of identify
 y - a scroll of enchant armour {unknown}
 A - 2 scrolls of amnesia {unknown}
 E - a scroll of fear {unknown}
 H - a scroll of fog {unknown}
 O - a scroll of magic mapping {unknown}
Potions
 b - a potion of ambrosia
 e - 2 potions of haste
 g - 2 potions of agility {unknown}
 i - 4 potions of berserk rage {unknown}
 q - a potion of lignification {unknown}
 s - 2 potions of flight {unknown}
 w - a potion of brilliance {unknown}
 x - 3 potions of curing
 G - 2 potions of mutation {unknown}
 J - a potion of cancellation {unknown}
Books
 v - a book of Conjurations

   Spells                             Type                      Level
   a - Magic Dart                     Conjuration                  1
   b - Searing Ray                    Conjuration                  2
   c - Dazzling Spray                 Conjuration/Hexes            3
   d - Fulminant Prism                Conjuration/Hexes            4
   e - Force Lance                    Conjuration/Translocation    4
   f - Iskenderun's Mystic Blast      Conjuration                  4
   Trog disapproves of the use of such an item.
 D - a book of Minor Magic

   Spells                             Type                      Level
   a - Magic Dart                     Conjuration                  1
   b - Blink                          Translocation                2
   c - Call Imp                       Summoning                    2
   d - Slow                           Hexes                        2
   e - Conjure Flame                  Conjuration/Fire             3
   f - Mephitic Cloud                 Conjuration/Poison/Air       3
   Trog disapproves of the use of such an item.
 L - a book of Callings

   Spells                             Type                      Level
   a - Summon Small Mammal            Summoning                    1
   b - Call Imp                       Summoning                    2
   c - Call Canine Familiar           Summoning                    3
   d - Summon Guardian Golem          Hexes/Summoning              3
   e - Summon Lightning Spire         Summoning/Air                4
   f - Summon Ice Beast               Ice/Summoning                4
   Trog disapproves of the use of such an item.
Comestibles
 c - 8 rations


   Skills:
 + Level 9.5 Fighting
 + Level 11.2 Long Blades
 + Level 8.9 Armour
 + Level 6.0 Dodging


You had 9 spell levels left.
You didn't know any spells.

Dungeon Overview and Level Annotations

Branches:
Dungeon (8/15)             Temple (0/1) D:5
   Lair: D:8-11

Altars:
Cheibriados
Dithmenos
Fedhas
Hepliaklqana
Makhleb
Okawaru
Qazlal
Sif Muna
Trog
Uskayaw
Vehumet
Xom
Yredelemnul

Shops:
D:4 :!!}[

Annotations:
D:8 Joseph


Innate Abilities, Weirdness & Mutations

You reflexively headbutt those who attack you in melee.
You have a pair of horns on your head.


Message History

* * * LOW HITPOINT WARNING * * *
You see here a sling bullet.
Okay, then.
You feel much better.
A sling bullet appears from out of thin air!
The sling bullet barely misses you.
A sling bullet appears from out of thin air!
The sling bullet hits you!
* * * LOW HITPOINT WARNING * * *
The sling bullet burns you.
* * * LOW HITPOINT WARNING * * *
You see here 2 sling bullets.
A sling bullet appears from out of thin air!
The sling bullet hits you!
* * * LOW HITPOINT WARNING * * *
The sling bullet burns you.
* * * LOW HITPOINT WARNING * * *
A sling bullet appears from out of thin air!
The sling bullet hits you!
You die...

....###..####...
....###..# #### #.......#
# # # ######.## #.#.#.
######### #.# ###
#.....##.......###.# ##.##
#....{..##.......^###.#.##
#.......##.##.######.###.#
#...#..((@.##.# ##.#####.
#.......#####.# #.###....
#...##..# #.# ##.##.##.
#....?... ..# ##.#.#.#
########## ### ##.....
##.### #.### ##...#
##..#.#


There were no monsters in sight!

Vanquished Creatures
  Erica (D:8)
  A two-headed ogre (D:7)
  A hornet (D:8)
  A hippogriff (D:7)
  A hungry ghost (D:8)
  Edmund (D:5)
  2 orc warriors (D:8)
  A sky beast (D:7)
  A black bear (D:8)
  An ice beast (D:6)
  2 ogres
  A phantom (D:7)
  The ghost of Regeox the Ducker, an amateur DsGl (D:3)
  A centaur (D:8)
  An eye of draining (D:5)
  2 bullfrogs
  Blork the orc (D:5)
  A scorpion (D:8)
  A water moccasin skeleton (D:4)
  4 crimson imps
  2 bullfrog zombies
  A centaur zombie (D:5)
  A hound (D:8)
  A bullfrog skeleton (D:5)
  3 orc priests
  2 orc wizards (D:6)
  3 iguanas
  8 worker ants
  A hound zombie (D:7)
  2 hound skeletons
  A worker ant zombie (D:7)
  15 adders
  2 adder zombies (D:6)
  An adder skeleton (D:6)
  5 worms
  4 dart slugs
  2 leopard geckos (D:2)
  21 orcs
  3 ball pythons
  8 giant cockroaches
  8 goblins
  2 hobgoblins
  6 jackals
  3 quokkas
  4 bats
  9 frilled lizards
  A jackal skeleton (D:4)
  8 kobolds
  3 quokka skeletons (D:4)
  A quokka zombie (D:6)
  9 rats
166 creatures vanquished.

Notes
Turn   | Place    | Note
-------+----------+-------------------------------------------
     0 | D:1      | Inkary the Minotaur Berserker began the quest for the Orb.
     0 | D:1      | Reached XP level 1. HP: 19/19 MP: 0/0
   274 | D:1      | Reached XP level 2. HP: 25/27 MP: 1/1
   348 | D:1      | Found an iron altar of Okawaru.
   350 | D:1      | Found a snail-covered altar of Cheibriados.
   350 | D:1      | Found a basalt altar of Yredelemnul.
   352 | D:1      | Found a blossoming altar of Fedhas.
   352 | D:1      | Found a shimmering altar of Xom.
   352 | D:1      | Found a radiant altar of Vehumet.
   527 | D:1      | Reached skill level 4 in Long Blades
   847 | D:2      | Reached ** piety under Trog
   875 | D:2      | Reached XP level 3. HP: 26/33 MP: 2/2
  1154 | D:2      | Found a hazy altar of Hepliaklqana.
  1299 | D:2      | Reached skill level 5 in Long Blades
  1299 | D:2      | Reached XP level 4. HP: 40/41 MP: 3/3
  1384 | D:2      | Found a burning altar of Makhleb.
  1410 | D:2      | Found a deep blue altar of Sif Muna.
  1945 | D:3      | Noticed Regeox's ghost (amateur DsGl)
  1954 | D:3      | Killed Regeox's ghost
  1954 | D:3      | Reached XP level 5. HP: 36/47 MP: 4/4
  2022 | D:3      | Reached skill level 5 in Fighting
  2174 | D:3      | Reached *** piety under Trog
  2246 | D:3      | Found a snail-covered altar of Cheibriados.
  2343 | D:3      | Reached XP level 6. HP: 51/56 MP: 5/5
  2636 | D:4      | Found Yhour's Gadget Shop.
  2735 | D:4      | Found a blossoming altar of Fedhas.
  2757 | D:4      | Reached skill level 6 in Long Blades
  2779 | D:4      | Found Ferery's Distillery.
  2788 | D:4      | Bought 2 potions of curing for 60 gold pieces
  2788 | D:4      | Bought a potion of heal wounds for 50 gold pieces
  2829 | D:4      | Found Urries's Armour Shoppe.
  2938 | D:4      | Found Maeleess's Book Shoppe.
  2946 | D:4      | Found a bloodstained altar of Trog.
  3024 | D:4      | Found a stormy altar of Qazlal.
  3127 | D:4      | Found Pock's Distillery.
  3251 | D:5      | Entered Level 5 of the Dungeon
  3423 | D:5      | Reached XP level 7. HP: 50/62 MP: 6/6
  3480 | D:5      | Noticed Edmund
  3492 | D:5      | Killed Edmund
  3492 | D:5      | Reached skill level 7 in Long Blades
  3561 | D:5      | Reached skill level 5 in Armour
  3656 | D:5      | Found a staircase to the Ecumenical Temple.
  3662 | D:5      | Noticed Blork the orc
  3681 | D:5      | Killed Blork the orc
  3917 | D:5      | HP: 3/64 [ogre/giant spiked club (15)]
  4343 | D:6      | Reached skill level 8 in Long Blades
  4343 | D:6      | Reached XP level 8. HP: 39/71 MP: 7/7
  4388 | D:6      | Reached **** piety under Trog
  4787 | D:7      | Reached skill level 9 in Long Blades
  4850 | D:7      | Noticed a hippogriff
  4864 | D:7      | Killed a hippogriff
  4961 | D:7      | Reached skill level 10 in Long Blades
  5060 | D:7      | Found an iron altar of Okawaru.
  5310 | D:7      | Reached XP level 9. HP: 80/81 MP: 8/8
  5437 | D:8      | Noticed a two-headed ogre
  5445 | D:7      | Killed a two-headed ogre
  5496 | D:8      | Noticed Erica
  5506 | D:8      | Killed Erica
  5506 | D:8      | Reached skill level 5 in Dodging
  5515 | D:8      | Reached skill level 11 in Long Blades
  5568 | D:8      | Got an ancient amber ring
  5754 | D:8      | Reached XP level 10. HP: 91/91 MP: 9/9
  5763 | D:8      | Found a shadowy altar of Dithmenos.
  5763 | D:8      | Found a hide-covered altar of Uskayaw.
  6041 | D:8      | Noticed Joseph
  6056 | D:8      | HP: 4/91 [something (2)]
  6059 | D:8      | Shot with a sling bullet by something

Skill      XL: |  1  2  3  4  5  6  7  8  9 |
---------------+----------------------------+-----
Long Blades    | 4 5 6 8 10 11 | 11.2
Fighting       | 4 5 6 8 9 |  9.5
Armour         | 3 4 5 7 8 |  8.9
Dodging        | 3 6 |  6.0

Action                   |  1- 3 |  4- 6 |  7- 9 | 10-12 || total
-------------------------+-------+-------+-------+-------++-------
Melee: Falchion          |    64 |   137 |   183 |       ||   384
       Headbutt          |    12 |    28 |    55 |     6 ||   101
       Scimitar          |       |       |    19 |    14 ||    33
Invok: Berserk           |       |     1 |     4 |     1 ||     6
       Trog's Hand       |       |     1 |     4 |     1 ||     6
  Use: Scroll            |       |       |     1 |       ||     1
       Potion            |       |       |       |     1 ||     1
 Stab: Sleeping          |     1 |       |       |       ||     1
  Eat: Chunk             |     1 |    16 |    15 |       ||    32
Armor: Animal skin       |    11 |       |       |       ||    11
       Ring mail         |     4 |    40 |    48 |     3 ||    95
Dodge: Dodged            |    54 |    68 |   110 |     3 ||   235
       Rpst.: Falchion   |    14 |    20 |    29 |       ||    63
       Scimitar          |       |       |     3 |     1 ||     4
